 Dungeon Crawl Stone Soup version 0.29-a0-197-ge3fb4bd5a4 (webtiles) character file.

Game seed: 16893974912950201847

15260 trondwin the Arsonist (level 11, -7/87 HPs)
             Began as a Demonspawn Fire Elementalist on Feb 22, 2022.
             Was an Initiate of Gozag.
             Mangled by a manticore (9 damage)
             ... on level 10 of the Dungeon.
             The game lasted 01:02:54 (19146 turns).

trondwin the Arsonist (DsFE)                       Turns: 19146, Time: 01:02:54

Health: -7/87      AC:  8    Str: 11    XL:     11   Next: 99%
Magic:  12/20      EV: 14    Int: 27    God:    Gozag
Gold:   1482       SH:  4    Dex: 15    Spells: 11/22 levels left

rFire   . . .      SeeInvis .   b - +6 rapier of Articulation {freeze, rElec Dex+2}
rCold   + . .      Faith    .   (no shield)
rNeg    . . .      Spirit   .   L - +2 leather armour {rC+}
rPois   .          Reflect  .   (helmet restricted)
rElec   +          Harm     .   r - +0 cloak
rCorr   .          Rampage  .   q - +0 pair of gloves
Will    +....                   e - +0 pair of boots
Stlth   +++.......              (no amulet)
HPRegen 0.24/turn               F - ring of willpower
MPRegen 0.17/turn               K - +6 ring of intelligence

@: spiked
A: horns 2, powered by death 2, big brain 1, condensation shield
a: Renounce Religion, Potion Petition, Call Merchant, Bribe Branch


You were on level 10 of the Dungeon.
You worshipped Gozag.
Gozag was most pleased with you.
You visited 3 branches of the dungeon, and saw 12 of its levels.
You also visited: Sewer.

You collected 1665 gold pieces.
You paid 183 gold pieces to Gozag.

Inventory:

Hand Weapons
 a - a +0 hunting sling
   (You found it on level 5 of the Dungeon)
 b - the +6 rapier of Articulation (weapon) {freeze, rElec Dex+2}
   (You found it on level 6 of the Dungeon)

   It freezes those it strikes, dealing additional cold damage.
   It can also slow down cold-blooded creatures.
   Dex:       It affects your dexterity (+2).
   rElec:     It insulates you from electricity.
 x - the +6 mace of the Moon {freeze, *Noise rF+++ MP+9 Str+4}
   (You took it off a centaur on level 10 of the Dungeon)

   It freezes those it strikes, dealing additional cold damage.
   It can also slow down cold-blooded creatures.
   Str:       It affects your strength (+4).
   rF:        It renders you almost immune to fire.
   MP:        It affects your magic capacity (+9).
   *Noise:    It may make noises in combat.
 A - a +6 trident of protection
   (You took it off a wight on level 10 of the Dungeon)
Missiles
 d - 272 stones
 k - 2 throwing nets {!f}
 u - 45 poisoned darts (quivered)
Armour
 e - a +0 pair of boots (worn)
   (You found it on level 8 of the Dungeon)
 f - a scarf of invisibility
   (You found it on level 1 of the Dungeon)
 q - a +0 pair of gloves (worn)
   (You found it on level 2 of the Dungeon)
 r - a +0 cloak (worn)
   (You took it off Crazy Yiuf on level 2 of the Dungeon)
 L - a +2 leather armour of cold resistance (worn)
   (You found it on level 7 of the Dungeon)
Jewellery
 n - a ring of ice
   (You found it on level 2 of the Dungeon)
 F - a ring of willpower (left hand)
   (You found it on level 6 of the Dungeon)
 K - a +6 ring of intelligence (right hand)
   (You found it on level 7 of the Dungeon)
Wands
 t - a wand of flame (6)
   (You found it on level 10 of the Dungeon)
Scrolls
 j - 2 scrolls of vulnerability {!r}
 l - a scroll of fear
 m - a scroll of silence {unknown}
 o - a scroll of holy word {unknown}
 s - a scroll of acquirement
 v - 2 scrolls of teleportation {@r4}
 w - a scroll of fog
 y - a scroll of immolation {unknown}
 G - a scroll of summoning
 H - a scroll of torment {unknown}
 I - a scroll of noise {!r}
 J - a scroll of magic mapping
Potions
 c - 6 potions of curing {@q1}
 g - 4 potions of flight
 h - 2 potions of haste {@q3}
 i - a potion of brilliance {unknown}
 p - a potion of lignification {unknown}
 z - 4 potions of heal wounds {@q2}
 B - a potion of berserk rage {unknown}
 C - a potion of mutation {unknown}


   Skills:
 - Level 8.7 Fighting
 - Level 3.5 Armour
 - Level 6.8 Dodging
 - Level 5.0 Stealth
 - Level 6.0 Spellcasting
 - Level 6.0 Conjurations
 * Level 11.5 Fire Magic


You had 11 spell levels left.
You knew the following spells:

 Your Spells              Type           Power      Damage    Failure   Level
a - Foxfire               Conj/Fire      100%       2x1d9     1%          1
b - Scorch                Fire           100%       2d10      1%          2
d - Conjure Flame         Conj/Fire      53%        6-21      1%          3
e - Flame Wave            Conj/Fire      53%        2d11      2%          4
g - Apportation           Tloc           16%        N/A       9%          1

Your spell library contained the following spells:

 Spells                   Type           Power      Damage    Failure   Level
 Inner Flame              Hex/Fire       39%        N/A       2%          3
 Dazzling Flash           Conj/Hex       48%        N/A       7%          3
 Animate Skeleton         Necr           16%        N/A       9%          1
 Sting                    Tmut/Pois      32%        1d4       9%          1
 Summon Small Mammal      Summ           32%        N/A       9%          1
 Ensorcelled Hibernation  Hex/Ice        16%        N/A       12%         2
 Poisonous Vapours        Pois/Air       16%        N/A       12%         2
 Call Canine Familiar     Summ           8%         N/A       24%         3
 Portal Projectile        Hex/Tloc       16%        N/A       24%         3
 Spider Form              Tmut/Pois      8%         N/A       24%         3
 Summon Guardian Golem    Hex/Summ       8%         N/A       24%         3
 Tukima's Dance           Hex            8%         N/A       24%         3
 Iskenderun's Mystic Bla  Conj/Tloc      24%        2d7       24%         4
 Starburst                Conj/Fire      26%        6d8       34%         6
 Anguish                  Hex/Necr       4%         N/A       63%         4
 Leda's Liquefaction      Hex/Erth       4%         N/A       63%         4
 Olgreb's Toxic Radiance  Pois           8%         N/A       63%         4
 Summon Ice Beast         Ice/Summ       8%         N/A       63%         4
 Agony                    Necr           8%         N/A       92%         5
 Silence                  Hex/Air        4%         N/A       92%         5
 Summon Forest            Summ/Tloc      4%         N/A       92%         5
 Summon Mana Viper        Hex/Summ       8%         N/A       92%         5
 Eringya's Noxious Bog    Tmut/Pois      4%         N/A       100%        6
 Summon Cactus Giant      Summ           4%         N/A       100%        6
 Enfeeble                 Hex            4%         N/A       100%        7
 Monstrous Menagerie      Summ           4%         N/A       100%        7
 Summon Hydra             Summ           4%         N/A       100%        7


Dungeon Overview and Level Annotations

Branches:
Dungeon (10/15)            Temple (1/1) D:7            Lair (1/6) D:10
    Orc (0/2) D:10          Sewer (visited)

Altars:
Ashenzari
Cheibriados
Dithmenos
Elyvilon
Fedhas
Gozag
Hepliaklqana
Kikubaaqudgha
Makhleb
Nemelex Xobeh
Okawaru
Qazlal
Ru
Sif Muna
Trog
Uskayaw
Vehumet
Wu Jian
Xom
Yredelemnul
Zin
The Shining One

Annotations:
D:5 Ijyb


Innate Abilities, Weirdness & Mutations

You have a pair of horns on your head.
You regenerate health from kills.
You have an unusually large brain. (Int +2)
A meltable shield of frost defends you. (SH +4)


Message History

You now have 1482 gold pieces (gained 8).
Things that are here:
a +0 war axe; a +0 ring mail; a +0 kite shield
Things that are here:
a +0 war axe; a +0 ring mail; a +0 kite shield
Items here: ( ))) [.
A manticore comes into view.
You shoot a sling bullet. The sling bullet hits the manticore.
The manticore flicks its tail.
The volley of spikes hits you!
The barbed spikes become lodged in your body.
You feel agile.
The +6 rapier of Articulation {freeze, rElec Dex+2} glows with a cold blue light!
b - the +6 rapier of Articulation (weapon)
{freeze, rElec Dex+2} Hit: b) +6 rapier of Articulation {freeze, rElec Dex+2} That would be overly suicidal.
Okay, then.
Throw: 47 darts (poison)
Aim: a manticore (lightly wounded, 73% to hit)
You throw a poisoned dart. The poisoned dart hits the manticore.
The manticore flicks its tail.
The volley of spikes hits you!
The barbed spikes become lodged in your body.
Throw: 46 darts (poison)
Aim: a manticore (lightly wounded, 73% to hit)
You throw a poisoned dart. The poisoned dart hits the manticore.
The manticore is poisoned.
The manticore flicks its tail.
The volley of spikes hits you!
The barbed spikes become lodged in your body.
The barbs in your skin will harm you if you move.
Continue?
The barbed spikes dig painfully into your body as you move.
The barbed spikes dig painfully into your body as you move.
Flames lash the manticore.
The manticore's fire resistance burns away.
Flames lash the manticore.
The manticore is burned terribly!
The manticore misses you. The manticore claws you! x2
* * * LOW HITPOINT WARNING * * *
Flames lash the manticore.
The manticore is burned terribly!
The manticore bites you!
* * * LOW HITPOINT WARNING * * *
The manticore claws you!
* * * LOW HITPOINT WARNING * * *
The manticore misses you.
Flames lash the manticore.
The manticore is burned terribly!
The manticore bites you!
* * * LOW HITPOINT WARNING * * *
The manticore claws you!
You die...
Your body crumbles into a pile of gold.

#...####### #..##....# ##. #..##
#.(##.....# #.. ..##
.H##...#..####.# .## .########
...###.........# .#
#.......#####..#####..#......
.###########..##.####..##....#...
..#.).......#.#.###..##.##.......
.#)##########.#H##.#####.#.......
.##........##.##@#)#..##.#.......
.##########.#)##.##.##)###.......
..##.......###.##.)#.#)###.......
#..##..#####.#.#####.##)##.......
....#######..##.##..###.##...#...
#.............##..####.##........
##.....##...<..#####.o##..#......
#.##...##..[....#######.....##..#
#####.###...................##..#


You could see a manticore (poisoned, combustible).

Vanquished Creatures
  Harold (Lair:1)
  Erolcha (D:9)
  2 two-headed ogres (D:8)
  A tengu warrior (D:10)
  2 centaur warriors
  A cyclops (D:10)
  Joseph (D:7)
  A black mamba (Lair:1)
  An unseen horror (D:10)
  A rime drake (Lair:1)
  A kobold demonologist (D:10)
  A troll (D:9)
  A shadow (D:10)
  A wraith (D:10)
  18 yaks
  3 water moccasins
  4 orc warriors
  2 sky beasts
  2 ogres
  2 phantoms
  5 centaurs
  A kobold brigand (D:10)
  Blork the orc (D:4)
  2 gnoll sergeants
  6 bullfrogs
  2 wyvern zombies
  10 wights
  5 howler monkeys
  11 centaur zombies
  2 bullfrog zombies
  2 hounds
  5 orc priests
  2 bullfrog skeletons
  Crazy Yiuf (D:2)
  Jessica (D:3)
  2 iguanas
  7 orc wizards
  A merfolk siren (Sewer)
  A merfolk avatar (Sewer)
  A killer bee zombie (D:7)
  17 gnolls
  A howler monkey zombie (D:10)
  11 adders
  A river rat (Sewer)
  A white imp (D:7)
  An adder skeleton (D:4)
  4 dart slugs
  27 orcs
  5 endoplasms
  15 giant cockroaches
  6 goblins
  8 hobgoblins
  4 quokkas
  9 ball pythons
  5 bats
  7 frilled lizards
  6 kobolds
  29 rats
272 creatures vanquished.

Vanquished Creatures (collateral kills)
  A foxfire (D:2)
1 creature vanquished.

Vanquished Creatures (others)
  384 foxfires
384 creatures vanquished.

Grand Total: 657 creatures vanquished

Notes
Turn   | Place    | Note
-------+----------+-------------------------------------------
     0 | D:1      | trondwin the Demonspawn Fire Elementalist began the quest
                  | for the Orb.
     0 | D:1      | Reached XP level 1. HP: 13/13 MP: 3/3
     6 | D:1      | You fall into a shaft and drop 1 floor!
    40 | D:2      | Found a runed translucent door.
    41 | D:2      | Noticed Crazy Yiuf
   125 | D:2      | Reached skill level 3 in Fire Magic
   125 | D:2      | Gained mutation: You regenerate a little health from kills.
                  | [demonic ancestry]
   125 | D:2      | Reached XP level 2. HP: 19/19 MP: 0/5
   221 | D:2      | Learned a level 2 spell: Scorch
   979 | D:1      | Reached XP level 3. HP: 24/24 MP: 2/6
  1393 | D:2      | Found a bloodstained altar of Trog.
  1793 | D:2      | Found a faded altar of an unknown god.
  1887 | D:2      | Killed Crazy Yiuf
  1888 | D:2      | Reached XP level 4. HP: 30/30 MP: 2/7
  2289 | D:3      | Found a sacrificial altar of Ru.
  2850 | D:4      | Reached skill level 4 in Fire Magic
  2899 | D:4      | Noticed Blork the orc
  3114 | D:4      | Noticed a phantom
  3128 | D:4      | Killed a phantom
  3129 | D:4      | Reached XP level 5. HP: 35/35 MP: 0/9
  3485 | D:4      | Gained mutation: A meltable shield of frost defends you.
                  | (SH +4) [demonic ancestry]
  3485 | D:4      | Reached XP level 6. HP: 41/41 MP: 4/10
  3647 | D:4      | Killed Blork the orc
  3648 | D:4      | Reached skill level 5 in Fire Magic
  3851 | D:5      | Entered Level 5 of the Dungeon
  4034 | D:5      | Noticed Ijyb
  4433 | D:3      | Noticed Jessica
  4441 | D:3      | Killed Jessica
  4629 | D:3      | Gained mutation: You have an unusually large brain. (Int
                  | +2) [demonic ancestry]
  4629 | D:3      | Reached XP level 7. HP: 46/46 MP: 7/11
  4758 | D:3      | Learned a level 4 spell: Flame Wave
  5345 | D:5      | Found a hazy altar of Hepliaklqana.
  5346 | D:5      | Found a shadowy altar of Dithmenos.
  5349 | D:5      | Noticed a shadow
  5550 | D:5      | Reached skill level 6 in Fire Magic
  5696 | D:5      | Found an iron altar of Okawaru.
  6005 | D:5      | Learned a level 1 spell: Apportation
  6239 | D:6      | Found a glowing drain.
  6298 | Sewer    | Entered a sewer
  7347 | D:6      | Reached XP level 8. HP: 46/52 MP: 3/12
  7439 | D:5      | Reached skill level 5 in Stealth
  7439 | D:5      | Reached skill level 7 in Fire Magic
  8109 | D:6      | Identified the +6 rapier of Articulation {freeze, rElec
                  | Dex+2}
  8880 | D:7      | Reached skill level 8 in Fire Magic
  8971 | D:7      | Reached skill level 5 in Conjurations
  9048 | D:7      | Noticed Joseph
  9318 | D:6      | Gained mutation: You regenerate health from kills. [demonic
                  | ancestry]
  9318 | D:6      | Reached XP level 9. HP: 57/57 MP: 11/15
  9407 | D:7      | Killed Joseph
  9408 | D:7      | Reached skill level 9 in Fire Magic
 10514 | D:7      | Reached skill level 10 in Fire Magic
 10784 | D:6      | Reached skill level 1 in Fighting
 11049 | D:7      | Found a staircase to the Ecumenical Temple.
 11054 | Temple   | Entered the Ecumenical Temple
 11103 | Temple   | Became a worshipper of Gozag Ym Sagoz the Greedy
 11482 | D:8      | Noticed a two-headed ogre
 11562 | D:8      | Killed a two-headed ogre
 11563 | D:8      | Reached skill level 5 in Fighting
 11563 | D:8      | Reached skill level 1 in Armour
 11789 | D:8      | Gained mutation: You have a pair of small horns on your
                  | head. [demonic ancestry]
 11789 | D:8      | Reached XP level 10. HP: 75/75 MP: 9/16
 12206 | D:8      | Noticed a two-headed ogre
 12234 | D:8      | Killed a two-headed ogre
 13744 | D:9      | Found an ancient bone altar of Kikubaaqudgha.
 13795 | D:9      | Noticed a centaur warrior
 13807 | D:9      | Killed a centaur warrior
 13808 | D:9      | Reached skill level 5 in Dodging
 14329 | D:9      | Learned a level 3 spell: Conjure Flame
 14332 | D:9      | Found a blossoming altar of Fedhas.
 14582 | D:9      | Noticed Erolcha
 14618 | D:9      | Killed Erolcha
 14716 | D:9      | Gained mutation: You have a pair of horns on your head.
                  | [demonic ancestry]
 14716 | D:9      | Reached XP level 11. HP: 86/86 MP: 8/17
 14951 | D:9      | Found a shimmering blue altar of Sif Muna.
 15394 | D:9      | Found a sparkling altar of Nemelex Xobeh.
 15672 | D:10     | Entered Level 10 of the Dungeon
 15727 | D:10     | Found a burning altar of Makhleb.
 15832 | D:10     | Found a staircase to the Orcish Mines.
 16402 | D:10     | Found a broken altar of Ashenzari.
 16752 | D:10     | Found a staircase to the Lair.
 16998 | D:10     | Reached skill level 5 in Spellcasting
 17099 | Lair:1   | Entered Level 1 of the Lair of Beasts
 17352 | Lair:1   | Noticed Harold
 17371 | Lair:1   | Killed Harold
 17521 | D:10     | Identified a scroll of acquirement
 17994 | D:10     | Found a basalt altar of Yredelemnul.
 18445 | D:10     | Noticed a tengu warrior
 18451 | D:10     | Killed a tengu warrior
 18542 | D:10     | Reached skill level 11 in Fire Magic
 18629 | D:10     | Identified the +6 mace of the Moon {freeze, *Noise rF+++
                  | MP+9 Str+4}
 18852 | D:10     | Noticed a centaur warrior
 18872 | D:10     | Killed a centaur warrior
 19146 | D:10     | HP: 2/87 [manticore (16)]
 19146 | D:10     | Mangled by a manticore

Skill      XL: |  1  2  3  4  5  6  7  8  9 10 11 |
---------------+----------------------------------+-----
Stealth        | 2 3 4 5 |  5.0
Fire Magic     | 3 4 5 6 8 10 11 | 11.5
Spellcasting   | 3 4 6 |  6.0
Conjurations   | 2 3 5 6 |  6.0
Fighting       | 5 8 |  8.7
Armour         | 1 2 3 |  3.5
Dodging        | 2 6 |  6.8

Action                   |  1- 3 |  4- 6 |  7- 9 | 10-12 || total
-------------------------+-------+-------+-------+-------++-------
Melee: Quarterstaff      |       |     1 |     1 |       ||     2
       Rapier            |       |       |       |    16 ||    16
       Headbutt          |       |       |       |     5 ||     5
       Hunting sling     |       |       |       |     1 ||     1
 Fire: Hunting sling     |       |       |    44 |    33 ||    77
Throw: Stone             |     4 |       |       |       ||     4
       Dart              |       |       |     8 |     6 ||    14
 Cast: Foxfire           |    28 |    57 |    80 |    53 ||   218
       Scorch            |    17 |    40 |   114 |   207 ||   378
       Apportation       |       |       |     3 |       ||     3
       Flame Wave        |       |       |       |    22 ||    22
  Use: Scroll            |       |       |    10 |     9 ||    19
       Potion            |       |       |     1 |     1 ||     2
 Stab: Sleeping          |       |       |       |     1 ||     1
Armor: Leather armour    |     1 |    10 |    22 |    78 ||   111
Dodge: Dodged            |     7 |    17 |    21 |   133 ||   178
Block: Other             |       |     1 |     9 |    26 ||    36
